 Dungeon Crawl Stone Soup version 0.29.1-4-g47bece8355 (webtiles) character file.

Game seed: 717590996983487475

56 fishmans the Chopper (level 3, -2/31 HPs)
             Began as a Minotaur Fighter on Dec 11, 2022.
             Slain by an orc wizard
             ... wielding a +0 dagger
              (3 damage)
             ... on level 2 of the Dungeon.
             The game lasted 00:04:01 (1625 turns).

fishmans the Chopper (Minotaur Fighter)             Turns: 1625, Time: 00:04:02

Health: -2/31      AC:  6    Str: 19 (22) XL:     3   Next: 71%
Magic:  2/2        EV:  9    Int:  2 (5)  God:
Gold:   51         SH:  4    Dex:  7 (9)  Spells: 2/2 levels left

rFire   . . .      SeeInvis .   a - +0 war axe
rCold   . . .      Faith    .   c - +0 buckler
rNeg    . . .      Spirit   .   b - +0 scale mail
rPois   .          Reflect  .   (helmet restricted)
rElec   .          Harm     .   (no cloak)
rCorr   .          Rampage  .   (no gloves)
Will    .....                   (no boots)
Stlth   ..........              (no amulet)
HPRegen 0.10/turn               (no ring)
MPRegen 0.08/turn               (no ring)

@: no status effects
A: horns 2, retaliatory headbutt
a: no special abilities


You were on level 2 of the Dungeon.
You visited 1 branch of the dungeon, and saw 2 of its levels.

You collected 51 gold pieces.

Inventory:

Hand Weapons
 a - a +0 war axe (weapon)
Armour
 b - a +0 scale mail (worn)
 c - a +0 buckler (worn)
Scrolls
 e - a scroll of identify
 i - a scroll of poison
Potions
 d - a potion of might
 f - a potion of attraction


   Skills:
 - Level 3.6 Fighting
 + Level 5.0 Axes
 - Level 3.6 Armour
 - Level 3.6 Shields


You had 2 spell levels left.
You didn't know any spells.
Your spell library contained the following spells:

 Spells                   Type           Power      Damage    Failure   Level
 Chain Lightning          Conj/Air       0%         N/A       100%        9
 Fire Storm               Conj/Fire      0%         5d1       100%        9
 Shatter                  Erth           0%         3d5*      100%        9


Dungeon Overview and Level Annotations

Branches:
Dungeon (2/15)

Altars:


Innate Abilities, Weirdness & Mutations

You have a pair of horns on your head.
You reflexively headbutt those who attack you in melee.


Message History

You block something's attack.
You closely miss something. Your headbutt misses something.
You hear some strange, mumbled words.
You are confused.
You completely miss something. Your headbutt misses something.
You miss the kobold. You closely miss the orc. The orc misses you.
The kobold hits you with a +0 dagger. Something hits you but does no damage.
You're too confused to move!
The orc hits you but does no damage. Something hits you but does no damage.
The kobold hits you but does no damage.
You hear some strange, mumbled words.
You are more confused.
The kobold hits you with a +0 dagger. The kobold closely misses you.
The kobold attacks as you move away! The kobold hits you with a +0 dagger.
The orc hits you with a +0 mace.
* * * LOW HITPOINT WARNING * * *
You hear some strange, mumbled words.
Something tries to affect you, but you resist.
It was a potion of cancellation.
Your magical effects are unravelling.
You feel magically purged.
You feel less confused. The kobold hits you with a +0 dagger.
* * * LOW HITPOINT WARNING * * *
The orc barely misses you.
It was a potion of degeneration.
There was something very wrong with that liquid.
You feel weakened.
You feel dopey.
You feel clumsy. The orc closely misses you. Something hits you.
* * * LOW HITPOINT WARNING * * *
The kobold hits you but does no damage.
You miss something. Your headbutt misses something. You closely miss the orc.
You closely miss the kobold. The orc hits you with a +0 mace.
* * * LOW HITPOINT WARNING * * *
The kobold hits you but does no damage. Something hits you.
* * * LOW HITPOINT WARNING * * *
You miss something. You closely miss the kobold.
You hit the orc but do no damage. The kobold barely misses you.
Something hits you but does no damage. The orc misses you. Something hits you.
You die...

## . .###...
#######.....#.
#....)).......
#.....####..#.
#.......#
#..oK{#.#
#...@.#.###
#####....<#
###.#.# #.#.#
.. #.#.# .#
#.#.# ..##
#.#.# ...
###.# .># #..
#.# .


You could see an orc and a kobold.

Vanquished Creatures
  An orc priest (D:2)
  An adder (D:2)
  An orc (D:2)
  A bat (D:2)
  2 endoplasms (D:2)
  3 hobgoblins
  2 kobolds
  A quokka (D:2)
  2 ball pythons (D:1)
  A frilled lizard (D:1)
  A goblin (D:1)
  2 rats (D:1)
18 creatures vanquished.

Notes
Turn   | Place    | Note
-------+----------+-------------------------------------------
     0 | D:1      | fishmans the Minotaur Fighter began the quest for the Orb.
     0 | D:1      | Reached XP level 1. HP: 19/19 MP: 0/0
     0 | D:1      | Noticed an elf
     6 | D:1      | Noticed a minotaur skeleton
    11 | D:1      | Noticed a troll
    13 | D:1      | Noticed a vampire
    15 | D:1      | Noticed a ghoul
    15 | D:1      | Noticed a dwarf
    17 | D:1      | Noticed a demonspawn
   434 | D:1      | Reached skill level 3 in Axes
   653 | D:1      | You fall into a shaft and drop 1 floor!
   676 | D:2      | Noticed an orc priest
   677 | D:2      | Noticed an orc wizard
   793 | D:2      | Reached XP level 2. HP: 26/26 MP: 1/1
   801 | D:2      | Found a faded altar of an unknown god.
  1072 | D:2      | Reached skill level 4 in Axes
  1599 | D:2      | Identified the ring of Ecoripp {Str+6 Dex+4}
  1601 | D:2      | Reached XP level 3. HP: 22/31 MP: 2/2
  1607 | D:2      | Reached skill level 5 in Axes
  1624 | D:2      | HP: 1/31 [something (1)]
  1625 | D:2      | Slain by an orc wizard

Illustrated notes

Levels and vault maps discovered:
D:1:      shiori_arrival_whats_in_store_for_you, layout_loops_corners
D:2:      cheibrodos_pilgrimage, layout_loops_cross, serial_co_window_serial,
          co_window_paths_a, co_window_paths_a, co_window_corner_a,
          co_window_of_opportunity_a, co_window_corner_a, co_window_paths_a,
          co_window_corner_cb, co_window_of_opportunity_c, co_window_corner_b,
          co_window_corner_b, co_window_paths_c, co_window_corner_cb,
          glass_columns_a, hellmonk_ecumenical_altar_crossroads

Skill      XL: |  1  2  3 |
---------------+----------+-----
Axes           | 3 4 5 |  5.0
Fighting       | |  3.6
Armour         | |  3.6
Shields        | |  3.6

Action                   || total
-------------------------++-------
Melee: War axe           ||    56
       Headbutt          ||     7
  Use: Scroll            ||     3
       Potion            ||     2
Armor: Scale mail        ||    27
Dodge: Dodged            ||    29
Block: Buckler           ||    14
